 Dungeon Crawl Stone Soup version 0.27.1-33-g824d729ab1 (webtiles) character file.

Game seed: 16516617681644990674

170 Domzy the Chopper (level 5, -1/32 HPs)
             Began as a Gargoyle Berserker on Dec 10, 2021.
             Was a Priest of Trog.
             Slain by a hound (4 damage)
             ... on level 3 of the Dungeon.
             The game lasted 00:10:42 (3424 turns).

Domzy the Chopper (Gargoyle Berserker)              Turns: 3424, Time: 00:10:43

Health: -1/32      AC: 11    Str: 22    XL:     5   Next: 50%
Magic:  5/5        EV: 10    Int:  7    God:    Trog [***...]
Gold:   85         SH:  0    Dex:  9    Spells: 4/4 levels left

rFire    . . .     SeeInvis .   a - +0 hand axe
rCold    + . .     Faith    .   (no shield)
rNeg     + . .     Spirit   .   d - +0 scale mail
rPois    ∞         Reflect  .   (no helmet)
rElec    +         Harm     .   m - +0 cloak
rCorr    .         Rampage  .   (no gloves)
Will     .....                  (no boots)
Stlth    ..........             l - amulet of the acrobat
HPRegen  0.10/turn              u - ring of protection from cold
MPRegen  0.09/turn              (no ring)

@: on berserk cooldown
A: sickness immunity, AC +4, negative energy resistance 1, electricity
resistance, torment resistance 1, petrification resistance
a: Renounce Religion, Berserk, Trog's Hand


You were on level 3 of the Dungeon.
You worshipped Trog.
Trog was most pleased with you.
You visited 1 branch of the dungeon, and saw 4 of its levels.

You collected 85 gold pieces.

Inventory:

Hand Weapons
 a - a +0 hand axe (weapon)
Armour
 d - a +0 scale mail (worn)
 j - a +0 tower shield
 m - a +0 cloak (worn)
Jewellery
 l - an amulet of the acrobat (around neck)
 u - a ring of protection from cold (left hand)
Wands
 o - a wand of iceblast (7)
Scrolls
 e - a scroll of enchant armour {unknown}
 h - 2 scrolls of fog
 i - a scroll of holy word {unknown}
 p - a scroll of amnesia {unknown}
 t - a scroll of blinking {unknown}
Potions
 b - a potion of brilliance
 f - 2 potions of lignification
 g - a potion of heal wounds {unknown}
 k - 2 potions of might
 n - 2 potions of curing
 q - a potion of degeneration {unknown}
 r - a potion of ambrosia {unknown}
 s - a potion of haste {unknown}


   Skills:
 - Level 3.6 Fighting
 * Level 5.0 Axes
 - Level 2.3 Armour
 - Level 1.6 Dodging
 * Level 1.5 Shields


You had 4 spell levels left.
You didn't know any spells.
Your spell library was empty.

Dungeon Overview and Level Annotations

Branches:
Dungeon (4/15)
 Temple: D:4-7

Altars:

Shops:
D:3 (


Innate Abilities, Weirdness & Mutations

You are immune to sickness and miasma.
Your stone body is resilient. (AC +4)
You are immune to poison.
You resist negative energy. (rN+)
You are resistant to electric shocks. (rElec)
You are resistant to unholy torment.
You are immune to petrification.


Message History

The hound closely misses you. The hound completely misses you.
There is a stone staircase leading down here.
The hound closely misses you. The hound bites you but does no damage.
There is a stone staircase leading up here.
The hound bites you.
* * * LOW HITPOINT WARNING * * *
The orc wizard gestures wildly while chanting.
The orc wizard flickers and vanishes!
The hound bites you.
* * * LOW HITPOINT WARNING * * *
You climb upwards.
Reactivating autopickup.
There is a stone staircase leading down here.
You barely miss the hound.
You feel yourself speed up.
The hound bites you but does no damage. x2
You slash the hound!
The hound is moderately wounded.
The hound bites you but does no damage. The hound barely misses you.
You closely miss the hound.
The hound is moderately wounded.
The hound bites you but does no damage.
You closely miss the hound.
The hound is moderately wounded.
The hound bites you but does no damage. The hound closely misses you.
You barely miss the hound.
The hound is moderately wounded.
The hound bites you but does no damage. The hound misses you.
You closely miss the hound.
The hound is moderately wounded.
The hound closely misses you.
You closely miss the hound.
The hound is moderately wounded.
The hound bites you.
* * * LOW HITPOINT WARNING * * *
The hound bites you but does no damage.
You hit the hound.
The hound is heavily wounded.
The hound bites you.
You die...

............##.#######..##.#
...........###.# #.........#
....#.#....# #.# #####..##.#
.##...#....###.#######..##.#
....#.#.................##.#
....#.##...###.########.##.#
....+...................##.#
....#.##...:...h........<#.#
....'...........@#####..##.#
....#.##...##..............#
...........###########..##.#
...........# #..##.#
.####.###..# #..##.# .#
#......###########..##.###
.####......#.................#
...........#.###.#####..##.###
#####........# #.# #..##.#


You could see a hound.

Vanquished Creatures
  An orc priest (D:4)
  3 gnolls (D:3)
  3 adders
  2 worms
  A dart slug (D:2)
  8 orcs
  4 ball pythons
  3 bats
  4 endoplasms
  6 giant cockroaches
  4 goblins (D:2)
  9 hobgoblins
  4 jackals
  5 kobolds
  A quokka (D:2)
  2 frilled lizards
  7 rats
67 creatures vanquished.

Notes
Turn   | Place    | Note
-------+----------+-------------------------------------------
     0 | D:1      | Domzy the Gargoyle Berserker began the quest for the Orb.
     0 | D:1      | Reached XP level 1. HP: 14/14 MP: 1/1
   160 | D:1      | Reached XP level 2. HP: 19/19 MP: 2/2
   204 | D:1      | Reached skill level 3 in Axes
  1073 | D:2      | Reached ** piety under Trog
  1074 | D:2      | Reached XP level 3. HP: 21/23 MP: 3/3
  1893 | D:2      | Reached skill level 1 in Shields
  1893 | D:2      | Reached XP level 4. HP: 28/28 MP: 4/4
  2050 | D:3      | Reached skill level 4 in Axes
  2542 | D:3      | Reached *** piety under Trog
  2543 | D:3      | Reached XP level 5. HP: 31/32 MP: 5/5
  2705 | D:3      | Found Joolapt's Weapon Emporium.
  3401 | D:4      | Reached skill level 5 in Axes
  3424 | D:3      | Slain by a hound

Illustrated notes

Levels and vault maps discovered:
D:1:      dpeg_arrival_concentric_ovals, layout_rooms, roderic_serpentine_path
D:2:      minmay_spotlight, layout_loops_ring, serial_aquarium,
          aquarium_bridge_straight [aquarium_subvault_bridge,
          aquarium_subvault_window, aquarium_subvault_bridge,
          aquarium_subvault_balcony], aquarium_window_double,
          aquarium_window_double, aquarium_view_2b, serial_park_tiny_2
D:3:      layout_basic, serial_shops, shop, chequers_serial_rivers_small_b
D:4:      layout_loops_ring, mainiacjoe_overflow_alcove_2,
          mainiacjoe_overflow_surrounded_room, nicolae_qazlal_general_emergency,
          portal_sewer_entry_d, hangedman_abyss_or_decor_stabs

Skill      XL: |  1  2  3  4  5 |
---------------+----------------+-----
Axes           | 3 4 5 |  5.0
Shields        | 1 |  1.5
Fighting       | |  3.6
Armour         | |  2.3
Dodging        | |  1.6

Action                   |  1- 3 |  4- 6 || total
-------------------------+-------+-------++-------
Melee: Hand axe          |   155 |   115 ||   270
Invok: Berserk           |       |     1 ||     1
  Use: Scroll            |       |     5 ||     5
Armor: Animal skin       |     5 |       ||     5
       Scale mail        |    67 |    76 ||   143
Dodge: Dodged            |    83 |   103 ||   186
